 Dungeon Crawl Stone Soup version 0.29-a0-383-g8b6f518c11 (webtiles) character file.

Game seed: 369939498424125404

539 Bruhh the Changer (level 7, 0/52 HPs)
             Began as a Yellow Draconian Transmuter on May 6, 2022.
             Slain by an ice beast (8 damage)
             ... on level 4 of the Dungeon.
             The game lasted 00:08:05 (4405 turns).

Bruhh the Changer (Yellow Draconian Transmuter)     Turns: 4405, Time: 00:08:05

Health: 0/52       AC:  2    Str: 12    XL:     7   Next: 5%
Magic:  9/11       EV: 19    Int: 16    God:
Gold:   144        SH:  0    Dex: 16    Spells: 6/12 levels left

rFire   . . .      SeeInvis .     - Unarmed
rCold   . . .      Faith    .   (shield currently unavailable)
rNeg    . . .      Spirit   .   (body armour unavailable)
rPois   x          Reflect  .   (helmet currently unavailable)
rElec   .          Harm     .   (cloak currently unavailable)
rCorr   .          Rampage  .   (gloves currently unavailable)
Will    .....                   (boots currently unavailable)
Stlth   +.........              (no amulet)
HPRegen 0.17/turn               (no ring)
MPRegen 0.12/turn               (no ring)

@: spider-form, hasted, very quick
A: venomous fangs, (spit acid), AC +6, tiny, unfitting armour, (cold-blooded),
(acid resistance)
a: End Transformation


You were on level 4 of the Dungeon.
You were a venomous arachnid creature.
You visited 1 branch of the dungeon, and saw 4 of its levels.

You collected 144 gold pieces.

Inventory:

Hand Weapons
 e - the +6 hunting sling of Acamonn {flame, Str+2 Dex+7}
   (You found it on level 3 of the Dungeon)

   Any ammunition fired from it burns those it strikes, dealing additional fire
   damage.
   Str:       It affects your strength (+2).
   Dex:       It affects your dexterity (+7).
 j - a +2 war axe of flaming (melded)
Wands
 a - a wand of digging (1)
Scrolls
 b - a scroll of magic mapping {unknown}
 d - 3 scrolls of amnesia {unknown}
 h - 8 scrolls of identify {unknown}
 i - a scroll of fog {unknown}
 k - a scroll of vulnerability {unknown}
 m - a scroll of noise {unknown}
 n - a scroll of summoning {unknown}
 o - a scroll of enchant weapon {unknown}
 p - 3 scrolls of teleportation {unknown}
Potions
 c - a potion of brilliance {unknown}
 f - a potion of flight {unknown}
 g - a potion of haste
 l - 5 potions of curing {unknown}
 q - a potion of attraction {unknown}


   Skills:
 - Level 1.1 Fighting
 - Level 1.7 Dodging
 - Level 3.0 Unarmed Combat
 - Level 3.0 Spellcasting
 + Level 6.9 Transmutations
 - Level 2.0 Poison Magic


You had 6 spell levels left.
You knew the following spells:

 Your Spells              Type           Power      Damage    Failure   Level
a - Beastly Appendage     Tmut           48%        N/A       5%          1
b - Wereblood             Tmut           24%        N/A       7%          2
c - Spider Form           Tmut/Pois      16%        N/A       22%         3

Your spell library contained the following spells:

 Spells                   Type           Power      Damage    Failure   Level
 Animate Skeleton         Necr           4%         N/A       38%         1
 Pain                     Necr           8%         1d4       38%         1
 Blink                    Tloc           4%         N/A       50%         2
 Ice Form                 Ice/Tmut       13%        N/A       63%         4
 Lesser Beckoning         Tloc           2%         N/A       71%         3
 Ozocubu's Armour         Ice            2%         N/A       71%         3
 Vampiric Draining        Necr           2%         2d6       71%         3
 Fireball                 Conj/Fire      1%         3d3       100%        5
 Iskenderun's Battlesphe  Conj           2%         2d6       100%        5
 Manifold Assault         Tloc           2%         N/A       100%        5
 Conjure Ball Lightning   Conj/Air       1%         3x3d6     100%        6
 Orb of Destruction       Conj           1%         9d5       100%        7
 Ozocubu's Refrigeration  Ice            1%         4d5       100%        7


Dungeon Overview and Level Annotations

Branches:
Dungeon (4/15)
 Temple: D:4-7

Altars:
Fedhas
Makhleb
Okawaru


Innate Abilities, Weirdness & Mutations

You are a venomous arachnid creature.
You have poisonous fangs.
You are tiny and dextrous.
Your spellcasting is less reliable in this form.
Your armour is entirely melded.
You are incapable of wielding weapons or throwing items.
((You can spit globs of acid.))
((Your golden yellow scales are hard. (AC +6)))
You cannot fit into any form of body armour.
((You are cold-blooded and may be slowed by cold attacks.))
((You are resistant to acid. (rCorr)))


Message History

An ice beast is nearby!
Casting: Spider Form (dangerous; 9% risk of failure)
Confirm with . or Enter, or press ? or * to list all spells.
You turn into a venomous arachnid creature.
Your +2 war axe of flaming melds into your body.
Your +2 war axe of flaming stops flaming.
The ice beast closely misses you.
You hit the ice beast but do no damage.
The ice beast is poisoned.
The ice beast misses you.
You hit the ice beast.
The ice beast is lightly wounded.
The ice beast closely misses you.
You hit the ice beast but do no damage.
The ice beast is lightly wounded.
The ice beast hits you. The ice beast freezes you!
You hit the ice beast but do no damage.
The ice beast looks as sick as possible!
The ice beast is lightly wounded.
The ice beast closely misses you.
You hit the ice beast.
The ice beast is moderately wounded.
The ice beast hits you. The ice beast freezes you.
You hit the ice beast.
The ice beast is moderately wounded.
The ice beast barely misses you.
You hit the ice beast but do no damage.
The ice beast is moderately wounded.
The ice beast hits you. The ice beast freezes you!
You are too injured to fight recklessly!
You are too injured to fight recklessly!
Casting: Spider Form (dangerous; 22% risk of failure)
Confirm with . or Enter, or press ? or * to list all spells.
Okay, then.
The ice beast attacks as you move away! The ice beast hits you.
The ice beast freezes you!
* * * LOW HITPOINT WARNING * * *
You feel yourself speed up. The ice beast hits you.
* * * LOW HITPOINT WARNING * * *
The ice beast freezes you!
You die...

##########
#.........
###################
#.########
#.................#
#.#
#.###############.#
#.# #.# #)...sY.#.#
#.# #.# #.#####.#.#
#.# #.# #)#
#.#.###.########
#.# #)#
#.#>)...).#....[
#.# #.#
#.#.#.#.#.......
#.#######.#
#?#.#.#.##......
#.........#
#.#.#.#.##......
###########
.<#.#.#.........
#.#.#.####).....


You could see an ice beast (very poisoned).

Vanquished Creatures
  Sigmund (D:3)
  An ogre (D:4)
  A scorpion (D:3)
  A jelly (D:4)
  A hound (D:3)
  An orc wizard (D:4)
  Robin (D:3)
  3 adders (D:3)
  A gnoll (D:1)
  An ufetubus (D:4)
  2 dart slugs
  7 orcs
  5 ball pythons
  4 endoplasms
  2 giant cockroaches
  17 goblins
  12 hobgoblins
  3 jackals (D:3)
  7 kobolds
  A quokka (D:2)
  5 bats
  4 frilled lizards
  9 rats
90 creatures vanquished.

Notes
Turn   | Place    | Note
-------+----------+-------------------------------------------
     0 | D:1      | Bruhh the Draconian Transmuter began the quest for the Orb.
     0 | D:1      | Reached XP level 1. HP: 16/16 MP: 3/3
   137 | D:1      | Reached XP level 2. HP: 11/23 MP: 3/5
   796 | D:1      | Reached XP level 3. HP: 12/28 MP: 5/7
  1244 | D:2      | Learned a level 2 spell: Wereblood
  1281 | D:2      | Reached skill level 3 in Transmutations
  1926 | D:3      | Noticed Robin
  1929 | D:3      | Reached XP level 4. HP: 34/35 MP: 6/8
  1940 | D:3      | Identified the +6 hunting sling of Acamonn {flame, Str+2
                  | Dex+7}
  1949 | D:3      | Killed Robin
  1950 | D:3      | Reached skill level 4 in Transmutations
  2137 | D:3      | Found a faded altar of an unknown god.
  2259 | D:3      | Learned a level 3 spell: Spider Form
  2317 | D:3      | Reached XP level 5. HP: 40/40 MP: 9/9
  2601 | D:3      | Found a blossoming altar of Fedhas.
  2611 | D:3      | Reached skill level 5 in Transmutations
  2614 | D:3      | HP: 2/40 [poisoned by a scorpion]
  3239 | D:3      | Noticed Sigmund
  3247 | D:3      | Killed Sigmund
  3248 | D:3      | Reached skill level 6 in Transmutations
  3248 | D:3      | Reached skill level 1 in Poison Magic
  3248 | D:3      | Reached XP level 6. HP: 27/47 MP: 6/10
  3505 | D:3      | Found a burning altar of Makhleb.
  4007 | D:4      | Found an iron altar of Okawaru.
  4235 | D:4      | Your scales start taking on a golden yellow colour.
  4235 | D:4      | Reached XP level 7. HP: 41/52 MP: 11/11
  4235 | D:4      | Gained mutation: You are resistant to acid. (rCorr) [Yellow
                  | Draconian growth]
  4405 | D:4      | Slain by an ice beast

Illustrated notes

Levels and vault maps discovered:
D:1:      wander_arrival_fairy_ring, layout_rooms, minmay_tree_intersection
D:2:      layout_basic
D:3:      layout_loops_ring, mainiacjoe_overflow_alcove_1,
          lightli_temple_of_fire, hellmonk_ecumenical_altar_leap_of_faith,
          kennysheep_minor_cross, uniq_sigmund, uniq_robin
D:4:      layout_basic, kennysheep_little_box, goddamned_bats

Skill      XL: |  1  2  3  4  5  6 |
---------------+-------------------+-----
Spellcasting   | 3 |  3.0
Transmutations | 3 4 6 |  6.9
Poison Magic   | 1 2 |  2.0
Fighting       | |  1.1
Dodging        | |  1.7
Unarmed Combat | |  3.0

Action                   |  1- 3 |  4- 6 |  7- 9 || total
-------------------------+-------+-------+-------++-------
Melee: Unarmed           |   113 |    15 |    17 ||   145
       Kick              |    25 |       |       ||    25
       Headbutt          |    11 |     4 |       ||    15
       Tailslap          |     6 |    10 |       ||    16
       War axe           |    23 |   118 |       ||   141
       Punch             |     1 |       |       ||     1
 Cast: Beastly Appendage |    27 |     4 |       ||    31
       Spider Form       |       |     2 |     2 ||     4
  Use: Potion            |       |     3 |     1 ||     4
Armor: Skin              |    53 |    66 |     2 ||   121
Dodge: Dodged            |   106 |   125 |     7 ||   238

Table legend: (Time is in decaauts)
 A = Elapsed time spent in this place.
 B = Non-inter-level travel time spent in this place.
 C = Inter-level travel time spent in this place.
 D = Time resting spent in this place.
 E = Time spent auto-exploring this place.
 F = Levels seen in this place.
 G = Mean time per level.
                   A        B        C        D        E       F      G
               +--------+--------+--------+--------+--------+-----+--------+
         Total |   4451 |   4394 |     57 |      0 |   3701 |   4 | 1112.8 |
       Dungeon |   4451 |   4394 |     57 |      0 |   3701 |   4 | 1112.8 |
               +--------+--------+--------+--------+--------+-----+--------+

Top non-repeatable levels by time:
     D:3: 1790 daAuts
     D:1: 1191 daAuts
     D:4: 757 daAuts
     D:2: 712 daAuts
